SAL
HAGERSTOWN SUNS @ LAKEWOOD BLUECLAWS
04/10/2099
 
TOP OF THE 1ST
Hagerstown Suns batting - Pitching for Lakewood BlueClaws : RHP Kyle Antonoff
Pitching: RHP Kyle Antonoff
Batting: RHB Ryan Tomlinson 0-0: Fly out, F9 (Flyball, 9LMF, EV 95.0 MPH)
Batting: RHB Jose Calderon 0-0: Ball
1-0: Swinging Strike
1-1: Called Strike
1-2: Fly out, F7 (Flyball, 7S, EV 96.9 MPH)
Batting: LHB Frank Creamer 0-0: Ball
1-0: Ball
2-0: Ball
3-0: Base on Balls
Batting: LHB John McBride 0-0: Ground out 4-3 (Groundball, 34, EV 85.0 MPH)
Top of the 1st over - 0 runs, 0 hits, 0 errors, 1 left on base; Hagerstown 0 - Lakewood 0
BOTTOM OF THE 1ST
Lakewood BlueClaws batting - Pitching for Hagerstown Suns : RHP Jose Linares
Pitching: RHP Jose Linares
Batting: RHB Tony Ayala 0-0: Called Strike
0-1: Ground out 6-3 (Groundball, 6, EV 76.9 MPH)
Batting: LHB Joe Noga 0-0: Ball
1-0: Ball
2-0: SINGLE (Groundball, 34D, EV 95.0 MPH)
Batting: LHB Chris Liesse 0-0: Ball
1-0: Ball
2-0: Called Strike
2-1: Grounds into double play, 4-6-3 (Groundball, 4, EV 81.3 MPH)
Bottom of the 1st over - 0 runs, 1 hit, 0 errors, 0 left on base; Hagerstown 0 - Lakewood 0
TOP OF THE 2ND
Hagerstown Suns batting - Pitching for Lakewood BlueClaws : RHP Kyle Antonoff
Batting: RHB Nathan Jackson 0-0: Ball
1-0: Called Strike
1-1: Swinging Strike
1-2: Ball
2-2: Fly out, F8 (Line Drive, 8RM, EV 105.0 MPH)
Batting: RHB Raul Villanueva 0-0: Called Strike
0-1: Foul Ball, location: 3F
0-2: Strikes out swinging
Batting: RHB Justin Teufel 0-0: Ball
1-0: Ball
2-0: Foul Ball, location: 2F
2-1: Ball
3-1: Called Strike
3-2: Base on Balls
Batting: SHB Kyle Cosgrove 0-0: Foul Ball, location: 7LSF
0-1: Called Strike
0-2: Ball
1-2: Ball
2-2: Ball
3-2: Foul Ball, location: 7LMF
3-2: Foul Ball, location: 3SF
3-2: Fly out, F7 (Flyball, 7, EV 85.6 MPH)
Top of the 2nd over - 0 runs, 0 hits, 0 errors, 1 left on base; Hagerstown 0 - Lakewood 0
BOTTOM OF THE 2ND
Lakewood BlueClaws batting - Pitching for Hagerstown Suns : RHP Jose Linares
Batting: LHB Guillermo Quiroz 0-0: Foul Ball, location: 23F
0-1: Ball
1-1: Foul Ball, location: 2F
1-2: Foul Ball, location: 9LSF
1-2: Ball
2-2: Foul Ball, location: 2F
2-2: Ball
3-2: SINGLE (Line Drive, 8RS, EV 95.0 MPH)
Batting: LHB Juan Rivera 0-0: Foul Ball, location: 7LDF
0-1: Swinging Strike
0-2: Ball
1-2: Fly out, F8 (Flyball, 8LM, EV 91.3 MPH)
Batting: LHB Jim Unknown 0-0: Ball
1-0: Foul Ball, location: 2F
1-1: Called Strike
1-2: Ball
2-2: SINGLE (Flyball, 5D, EV 89.4 MPH)
Guillermo Quiroz to second
Batting: SHB Frits Loos 0-0: Ball
1-0: Called Strike
1-1: Swinging Strike
1-2: Strikes out swinging
Batting: RHB Jim Unknown 0-0: Ball
1-0: Fly out, F7 (Flyball, 78M, EV 95.6 MPH)
Bottom of the 2nd over - 0 runs, 2 hits, 0 errors, 2 left on base; Hagerstown 0 - Lakewood 0
TOP OF THE 3RD
Hagerstown Suns batting - Pitching for Lakewood BlueClaws : RHP Kyle Antonoff
Batting: RHB Tony Alvarez 0-0: Ball
1-0: SINGLE (Line Drive, 7S, EV 90.6 MPH)
Batting: RHB Ryan Tomlinson 0-0: Ball
1-0: Ground out 4-3 (Groundball, 4MS, EV 68.8 MPH)
Tony Alvarez to second
Batting: RHB Jose Calderon 0-0: Ball
Tony Alvarez steals 3rd base
1-0: Fly out, F9 (Flyball, 9S, EV 88.8 MPH)
Batting: LHB Frank Creamer 0-0: Ball
1-0: Ball
2-0: Ball
3-0: Called Strike
3-1: Base on Balls
Batting: LHB John McBride 0-0: Swinging Strike
0-1: Ball
1-1: Swinging Strike
1-2: Foul Ball, location: 2F
1-2: Ball
2-2: Foul Ball, location: 25FF
2-2: Foul Ball, location: 5F
2-2: Foul Ball, location: 3F
2-2: DOUBLE (Groundball, 3L, EV 107.5 MPH)
Tony Alvarez scores
Frank Creamer to third
Runner from 3rd tries for Home, SAFE, throw by RF to trailing runner, SAFE at third!
Batting: RHB Nathan Jackson 0-0: Called Strike
0-1: Ball
1-1: Ground out U3 (Groundball, 3S, EV 65.6 MPH)
Top of the 3rd over - 2 runs, 2 hits, 0 errors, 1 left on base; Hagerstown 2 - Lakewood 0
BOTTOM OF THE 3RD
Lakewood BlueClaws batting - Pitching for Hagerstown Suns : RHP Jose Linares
Batting: RHB Jim Unknown 0-0: Called Strike
0-1: Ball
1-1: Swinging Strike
1-2: Strikes out swinging
Batting: RHB Tony Ayala 0-0: Fly out, F8 (Flyball, 8LD, EV 94.4 MPH)
Batting: LHB Joe Noga 0-0: Ball
1-0: Called Strike
1-1: Fly out, F4 (Line Drive, 4, EV 63.8 MPH)
Bottom of the 3rd over - 0 runs, 0 hits, 0 errors, 0 left on base; Hagerstown 2 - Lakewood 0
TOP OF THE 4TH
Hagerstown Suns batting - Pitching for Lakewood BlueClaws : RHP Kyle Antonoff
Batting: RHB Raul Villanueva 0-0: Ball
1-0: Called Strike
1-1: Swinging Strike
1-2: SINGLE (Line Drive, 5L, EV 105.0 MPH)
Batting: RHB Justin Teufel 0-0: Called Strike
0-1: Ball
Balk!
Raul Villanueva to second
1-1: Ground out 5-3 (Groundball, 56, EV 83.8 MPH)
Batting: SHB Kyle Cosgrove 0-0: Foul Ball, location: 2F
0-1: Ball
1-1: Foul Ball, location: 2F
1-2: Strikes out looking
Batting: RHB Tony Alvarez 0-0: Ball
1-0: Ground out 6-3 (Groundball, 6M, EV 98.8 MPH)
Top of the 4th over - 0 runs, 1 hit, 0 errors, 1 left on base; Hagerstown 2 - Lakewood 0
BOTTOM OF THE 4TH
Lakewood BlueClaws batting - Pitching for Hagerstown Suns : RHP Jose Linares
Batting: LHB Chris Liesse 0-0: Foul Ball, location: 2F
0-1: Foul Ball, location: 2F
0-2: Fly out, F8 (Flyball, 8RM, EV 96.9 MPH)
Batting: LHB Guillermo Quiroz 0-0: Called Strike
0-1: Foul Ball, location: 25F
0-2: Ball
1-2: Foul Ball, location: 2F
1-2: Ground out 4-3 (Groundball, 4, EV 106.9 MPH)
Batting: LHB Juan Rivera 0-0: Ball
1-0: Called Strike
1-1: Called Strike
1-2: Foul Ball, location: 2F
1-2: Foul Ball, location: 2F
1-2: SINGLE (Groundball, 56D, EV 99.4 MPH)
Batting: LHB Jim Unknown 0-0: Ball
1-0: Ball
2-0: Foul Ball, location: 5SF
2-1: Called Strike
2-2: Ball
3-2: Base on Balls
Juan Rivera to second
Batting: SHB Frits Loos 0-0: Called Strike
0-1: Called Strike
0-2: Ball
1-2: Ball
2-2: Strikes out looking
Bottom of the 4th over - 0 runs, 1 hit, 0 errors, 2 left on base; Hagerstown 2 - Lakewood 0
TOP OF THE 5TH
Hagerstown Suns batting - Pitching for Lakewood BlueClaws : RHP Kyle Antonoff
Batting: RHB Ryan Tomlinson 0-0: Foul Ball, location: 23F
0-1: Ball
1-1: Swinging Strike
1-2: Fly out, F8 (Line Drive, 8RM, EV 103.8 MPH)
Batting: RHB Jose Calderon 0-0: Swinging Strike
0-1: Ball
1-1: Foul Ball, location: 7LMF
1-2: Ball
2-2: Ball
3-2: Strikes out looking
Batting: LHB Frank Creamer 0-0: Called Strike
0-1: Ball
1-1: Swinging Strike
1-2: Strikes out swinging
Top of the 5th over - 0 runs, 0 hits, 0 errors, 0 left on base; Hagerstown 2 - Lakewood 0
BOTTOM OF THE 5TH
Lakewood BlueClaws batting - Pitching for Hagerstown Suns : RHP Jose Linares
Batting: RHB Jim Unknown 0-0: Foul Ball, location: 2F
0-1: Ball
1-1: SOLO HOME RUN (Flyball, 7D, EV 93.1 MPH), Distance : 345 ft
Batting: RHB Jim Unknown 0-0: Foul Ball, location: 25F
0-1: Called Strike
0-2: Ball
1-2: Foul Ball, location: 9LSF
1-2: Foul Ball, location: 9LSF
1-2: Ball
2-2: Ball
3-2: Ground out 6-3 (Groundball, 6, EV 84.4 MPH)
Batting: RHB Tony Ayala 0-0: Ball
1-0: SINGLE (Groundball, 34D, EV 96.9 MPH)
Batting: LHB Joe Noga 0-0: Called Strike
Tony Ayala steals 2nd base
0-1: Ball
1-1: Foul Ball, location: 25F
1-2: Ground out U3 (Groundball, 3, EV 85.6 MPH)
Tony Ayala to third
Batting: LHB Chris Liesse 0-0: Called Strike
0-1: Ball
1-1: Swinging Strike
1-2: Ball
2-2: Reached on error, E5 (Groundball, 5, EV 103.1 MPH)
Tony Ayala scores
Batting: LHB Guillermo Quiroz 0-0: Ball
1-0: Fielders Choice at 2nd, 6-4 (Groundball, 6, EV 81.9 MPH)
Bottom of the 5th over - 2 runs, 2 hits, 1 error, 1 left on base; Hagerstown 2 - Lakewood 2
TOP OF THE 6TH
Hagerstown Suns batting - Pitching for Lakewood BlueClaws : RHP Kyle Antonoff
Batting: LHB John McBride 0-0: Ball
1-0: Swinging Strike
1-1: Called Strike
1-2: Fly out, F6 (Popup, 6MD, EV 58.8 MPH)
Batting: RHB Nathan Jackson 0-0: Ball
1-0: Foul Ball, location: 2F
1-1: Foul Ball, location: 9LDF
1-2: Strikes out swinging
Batting: RHB Raul Villanueva 0-0: Called Strike
0-1: Called Strike
0-2: Fly out, F7 (Flyball, 7LMF, EV 80.6 MPH)
Top of the 6th over - 0 runs, 0 hits, 0 errors, 0 left on base; Hagerstown 2 - Lakewood 2
BOTTOM OF THE 6TH
Lakewood BlueClaws batting - Pitching for Hagerstown Suns : RHP Jose Linares
Batting: LHB Juan Rivera 0-0: Ball
1-0: Called Strike
1-1: Ball
2-1: DOUBLE (Line Drive, 7LM, EV 111.3 MPH)
Batting: LHB Jim Unknown 0-0: Intentional Walk
Pitching: RHP Phil Stokes
Batting: SHB Frits Loos 0-0: Ball
1-0: Swinging Strike
1-1: Ball
2-1: Swinging Strike
2-2: Strikes out swinging
Pinch Hitting: RHB Jim Unknown 0-0: Ball
1-0: Foul Ball, location: 9LMF
1-1: Foul Ball, location: 9LMF
1-2: Ball
2-2: Foul Ball, location: 3FF
2-2: Foul Ball, location: 9LMF
2-2: SINGLE (Line Drive, 8LS, EV 93.1 MPH)
Juan Rivera to third
Jim Unknown to second
Batting: RHB Jim Unknown 0-0: Foul Ball, location: 9LSF
0-1: Ball
1-1: Foul Ball, location: 2F
1-2: Strikes out swinging
Batting: RHB Tony Ayala 0-0: Ball
1-0: Foul Ball, location: 3SF
1-1: Ball
2-1: Called Strike
2-2: Strikes out swinging
Bottom of the 6th over - 0 runs, 2 hits, 0 errors, 3 left on base; Hagerstown 2 - Lakewood 2
TOP OF THE 7TH
Hagerstown Suns batting - Pitching for Lakewood BlueClaws : RHP Kyle Antonoff
Now at 2B: Tony Ayala
Now in LF: Jim Unknown
Now in CF: Jim Unknown
Batting: RHB Justin Teufel 0-0: Called Strike
0-1: Ball
1-1: Ball
2-1: SOLO HOME RUN (Flyball, 7D, EV 95.0 MPH), Distance : 346 ft
Batting: SHB Kyle Cosgrove 0-0: Called Strike
0-1: Swinging Strike
0-2: SINGLE (Groundball, 56D, EV 107.5 MPH)
Batting: RHB Tony Alvarez 0-0: Called Strike
0-1: Swinging Strike
0-2: Ball
1-2: Ball
2-2: SINGLE (Groundball, 56D, EV 110.0 MPH)
Kyle Cosgrove to second
Batting: RHB Ryan Tomlinson 0-0: Ball
1-0: Called Strike
1-1: Ball
2-1: Foul Ball, location: 25F
2-2: SINGLE (Groundball, 34D, EV 97.5 MPH)
Kyle Cosgrove to third
Tony Alvarez to second
Runner from 3rd tries for Home, SAFE, throw by RF to home
Pitching: LHP Jose Gallegos
Batting: RHB Jose Calderon 0-0: Ball
1-0: Called Strike
1-1: Swinging Strike
1-2: Foul Ball, location: 5SF
1-2: Reached via error on a dropped throw from SS, E4 (Groundball, 6, EV 86.3 MPH)
Tony Alvarez to third
Ryan Tomlinson to second
Batting: LHB Frank Creamer 0-0: Ball
1-0: Called Strike
1-1: Foul Ball, location: 23F
1-2: Foul Ball, location: 2F
1-2: Strikes out swinging
Batting: LHB John McBride 0-0: Called Strike
0-1: Foul Ball, location: 2F
0-2: Strikes out looking
Batting: RHB Nathan Jackson 0-0: Fielders Choice at 3rd, U5 (Groundball, 5, EV 81.3 MPH)
Top of the 7th over - 2 runs, 4 hits, 1 error, 2 left on base; Hagerstown 4 - Lakewood 2
BOTTOM OF THE 7TH
Lakewood BlueClaws batting - Pitching for Hagerstown Suns : RHP Phil Stokes
Now at 1B: Javier Tarango
Now in LF: Brett Ruffalo
Batting: LHB Joe Noga 0-0: Ball
1-0: Called Strike
1-1: Ball
2-1: Foul Ball, location: 7LDF
2-2: Ground out 3-1 (Groundball, 34, EV 71.9 MPH)
Batting: LHB Chris Liesse 0-0: Ball
1-0: Ball
2-0: SINGLE (Groundball, 6MD, EV 103.1 MPH)
Batting: LHB Guillermo Quiroz 0-0: Ball
1-0: Called Strike
1-1: Called Strike
1-2: Strikes out swinging
Batting: LHB Juan Rivera 0-0: Called Strike
0-1: Swinging Strike
0-2: Strikes out swinging
Bottom of the 7th over - 0 runs, 1 hit, 0 errors, 1 left on base; Hagerstown 4 - Lakewood 2
TOP OF THE 8TH
Hagerstown Suns batting - Pitching for Lakewood BlueClaws : LHP Jose Gallegos
Pitching: LHP Alberto Arreola
Batting: RHB Raul Villanueva 0-0: Called Strike
0-1: Hit by Pitch
Batting: RHB Justin Teufel 0-0: Ball
1-0: Grounds into double play, 6-4-3 (Groundball, 6, EV 97.5 MPH)
Batting: SHB Kyle Cosgrove 0-0: Foul Ball, location: 9LSF
0-1: Ball
1-1: Foul Ball, location: 2F
1-2: Ground out 6-3 (Groundball, 56, EV 83.1 MPH)
Top of the 8th over - 0 runs, 0 hits, 0 errors, 0 left on base; Hagerstown 4 - Lakewood 2
BOTTOM OF THE 8TH
Lakewood BlueClaws batting - Pitching for Hagerstown Suns : RHP Phil Stokes
Pitching: RHP Eddie Keller
Now at 2B: Montes Calosso
Batting: LHB Jim Unknown 0-0: Ball
1-0: Called Strike
1-1: Fly out, F4 (Popup, 4M, EV 76.3 MPH)
Batting: SHB Frits Loos 0-0: Ball
1-0: Ball
2-0: Called Strike
2-1: Ground out 5-3 (Groundball, 56S, EV 84.4 MPH)
Batting: RHB Jim Unknown 0-0: Ball
1-0: Ball
2-0: Called Strike
2-1: Foul Ball, location: 2F
2-2: Ball
3-2: Strikes out swinging
Bottom of the 8th over - 0 runs, 0 hits, 0 errors, 0 left on base; Hagerstown 4 - Lakewood 2
TOP OF THE 9TH
Hagerstown Suns batting - Pitching for Lakewood BlueClaws : LHP Alberto Arreola
Batting: RHB Tony Alvarez 0-0: Ball
1-0: Called Strike
1-1: Foul Ball, location: 23F
1-2: Foul Ball, location: 3SF
1-2: Foul Ball, location: 2F
1-2: Ball
2-2: Foul Ball, location: 9LMF
2-2: Strikes out swinging
Batting: RHB Ryan Tomlinson 0-0: Ball
1-0: Foul Ball, location: 5F
1-1: Ball
2-1: Foul Ball, location: 9LDF
2-2: SINGLE (Flyball, 34D, EV 85.6 MPH)
Batting: RHB Jose Calderon 0-0: Called Strike
0-1: Called Strike
0-2: Foul Ball, location: 9LMF
0-2: Ball
1-2: Foul Ball, location: 2LF
1-2: Ball
2-2: Ball
3-2: Foul Ball, location: 9LDF
3-2: Foul Ball, location: 5F
3-2: Foul Ball, location: 5F
3-2: Base on Balls
Ryan Tomlinson to second
Batting: RHB Brett Ruffalo 0-0: Fly out, F8 (Flyball, 89D, EV 82.5 MPH)
Runner from 2nd tags up, SAFE at 3rd, no throw by CF
Batting: LHB John McBride 0-0: Swinging Strike
0-1: Ball
1-1: SINGLE (Line Drive, 89S, EV 101.9 MPH)
Ryan Tomlinson scores
Jose Calderon to second
Batting: RHB Javier Tarango 0-0: Called Strike
0-1: Ball
1-1: SINGLE (Line Drive, 3D, EV 99.4 MPH)
Jose Calderon to third
John McBride to second
Runner from 3rd tries for Home, SAFE, throw by RF to home
Pitching: RHP Ronald Blaney
Batting: RHB Raul Villanueva 0-0: Ball
1-0: Foul Ball, location: 5F
1-1: Fielders Choice at 3rd, U5 (Groundball, 5, EV 101.9 MPH)
Top of the 9th over - 2 runs, 3 hits, 0 errors, 1 left on base; Hagerstown 6 - Lakewood 2
BOTTOM OF THE 9TH
Lakewood BlueClaws batting - Pitching for Hagerstown Suns : RHP Eddie Keller
Batting: RHB Jim Unknown 0-0: Swinging Strike
0-1: SINGLE (Groundball, 3D, EV 101.9 MPH)
Batting: RHB Tony Ayala 0-0: Called Strike
0-1: Ball
1-1: Ball
2-1: Swinging Strike
2-2: Ball
3-2: Foul Ball, location: 2LF
3-2: Foul Ball, location: 25F
3-2: Base on Balls
Jim Unknown to second
Batting: LHB Joe Noga 0-0: Called Strike
0-1: SINGLE (Line Drive, 7S, EV 109.4 MPH)
Jim Unknown to third
Tony Ayala to second
Batting: LHB Chris Liesse 0-0: Called Strike
0-1: Ball
1-1: Foul Ball, location: 2F
1-2: Strikes out looking
Batting: LHB Guillermo Quiroz 0-0: Called Strike
0-1: Ball
1-1: Ball
2-1: Ball
3-1: Foul Ball, location: 9LSF
3-2: Fly out, F7 (Flyball, 78M, EV 94.4 MPH)
Batting: LHB Juan Rivera 0-0: Ball
1-0: Foul Ball, location: 7LDF
1-1: Called Strike
1-2: Ball
2-2: Strikes out swinging
Bottom of the 9th over - 0 runs, 2 hits, 0 errors, 3 left on base; Hagerstown 6 - Lakewood 2
Friday, May 3rd , 2024 - OOTP Baseball 24.11 Build 85